 Dungeon Crawl Stone Soup version 0.21-a0-216-g6d3fd91 (webtiles) character file.

206179 Kidiri the Eclecticist (level 18, -1/104 HPs)
             Began as a Deep Elf Fire Elementalist on Aug 22, 2017.
             Was the Champion of Vehumet.
             Engulfed by a swamp dragon's poison gas (4 damage)
             ... on level 4 of the Swamp on Aug 23, 2017.
             The game lasted 04:01:07 (42978 turns).

Kidiri the Eclecticist (DEFE)                      Turns: 42978, Time: 04:01:08

Health: -1/104     AC: 22    Str:  7 (10) XL:     18   Next: 6%
Magic:  26/50      EV: 13    Int: 38      God:    Vehumet [******]
Gold:   1154       SH:  0    Dex: 20      Spells: 8/52 levels left

rFire    + + .     SeeInvis +   z - +6 dagger (pierce)
rCold    + + .     Gourm    .   C - +3 buckler {AC+3}
rNeg     . . .     Faith    .   w - +1 scale mail of Hicigic {Regen+ Str+2 Int+4 Dex+2}
rPois    .         Spirit   .   B - +0 helmet of Beyond {+Blink rF++ Int+5}
rElec    .         Reflect  .   (no cloak)
rCorr    .         Harm     .   j - +0 pair of gloves
MR       +....                  A - +2 pair of boots
Stlth    ..........             J - amulet "Lyelovadgh" {+Rage Str+3 Dex+3 SInv}
HPRegen  0.67/turn              f - ring of wizardry
MPRegen  0.32/turn              Q - ring of magical power

@: confused, lethally poisoned (-1 -> -41), hasted, studying Ice Magic, very
quick
A: iridescent scales 2, blink, cold resistance 2, mutation resistance 1, no
potion heal 1, sturdy frame 1
}: 1/15 runes: gossamer
a: Blink, Renounce Religion, Evoke Blink, Evoke Berserk Rage


You were on level 4 of the Swamp.
You worshipped Vehumet.
Vehumet was exalted by your worship.
You were not hungry.

You visited 6 branches of the dungeon, and saw 32 of its levels.
You also visited: Bailey.

You collected 2880 gold pieces.
You spent 1726 gold pieces at shops.

Inventory:

Hand Weapons
 z - a +6 dagger of piercing (weapon)
Missiles
 G - 5 throwing nets (quivered)
Armour
 j - a +0 pair of gloves (worn)
 w - the +1 scale mail of Hicigic (worn) {Regen+ Str+2 Int+4 Dex+2}
   (You bought it in a shop on level 13 of the Dungeon)

   It affects your strength (+2).
   It affects your intelligence (+4).
   It affects your dexterity (+2).
   It increases your rate of regeneration.
 A - a +2 pair of boots (worn)
 B - the +0 helmet of Beyond (worn) {+Blink rF++ Int+5}
   (You found it on level 7 of the Dungeon)

   It affects your intelligence (+5).
   It greatly protects you from fire.
   It lets you blink.
 C - a +3 buckler of protection (worn)
 W - the +5 scale mail of Hedging {Str+3 Slay+3}
   (You found it on level 3 of the Spider Nest)

   It affects your strength (+3).
   It affects your accuracy and damage with ranged weapons and melee attacks
   (+3).
Jewellery
 f - a ring of wizardry (left hand)
 y - a +4 ring of evasion
 J - the amulet "Lyelovadgh" (around neck) {+Rage Str+3 Dex+3 SInv}
   (You found it on level 10 of the Dungeon)

   [amulet of rage]

   It affects your strength (+3).
   It affects your dexterity (+3).
   It lets you see invisible.
   It lets you go berserk.
 Q - a ring of magical power (right hand)
Wands
 d - a wand of confusion (25/48)
 l - a wand of flame (11/48)
 m - a wand of disintegration (8/24)
 o - a wand of iceblast (8/15)
 s - a wand of polymorph (15/24)
 u - a wand of flame (16/48)
 x - a wand of lightning (9/15)
 K - a wand of lightning (4/15)
 M - a wand of paralysis (12/24)
 P - a wand of lightning (4/15)
 S - a wand of acid (3/15)
 U - a wand of clouds (4/9)
Scrolls
 a - 2 scrolls of recharging
 b - a scroll of amnesia
 e - 6 scrolls of remove curse
 p - 3 scrolls of immolation
 q - 4 scrolls of blinking
 v - 16 scrolls of teleportation
 F - 4 scrolls of magic mapping
 H - a scroll of identify
 O - 5 scrolls of fear
 Z - 2 scrolls of fog
Potions
 h - 3 potions of cancellation
 k - 5 potions of agility
 n - 7 potions of might
 t - 6 potions of ambrosia
 D - 2 potions of haste
 N - 5 potions of lignification
 R - 3 potions of brilliance
 Y - a potion of flight
Books
 r - a manual of Ice Magic
 E - a book of Power

   Spells                             Type                      Level
   a - Iskenderun's Battlesphere      Conjuration/Charms           5
   b - Venom Bolt                     Conjuration/Poison           5
   c - Bolt of Magma                  Conjuration/Fire/Earth       5
   d - Iron Shot                      Conjuration/Earth            6
   e - Orb of Destruction             Conjuration                  7
   f - Spellforged Servitor           Conjuration/Summoning        7
Comestibles
 c - 26 bread rations
 g - 13 meat rations
 i - 4 chunks of flesh


   Skills:
 + Level 8.3 Fighting
 - Level 8.3 Short Blades
 - Level 8.6 Armour
 - Level 10.0 Dodging
 - Level 2.4 Stealth
 + Level 8.5 Shields
 * Level 17.5 Spellcasting
 + Level 11.6 Conjurations
 + Level 11.5 Fire Magic
 + Level 12.5 Ice Magic
 + Level 8.7 Air Magic
 + Level 9.2 Earth Magic
 + Level 7.4 Poison Magic
 - Level 6.9 Evocations


You had 8 spell levels left.
You knew the following spells:

 Your Spells              Type           Power        Failure   Level  Hunger
a - Flame Tongue          Conj/Fire      #####        1%          1    None
b - Throw Flame           Conj/Fire      ######       1%          2    None
c - Conjure Flame         Conj/Fire      #######.     1%          3    None
d - Inner Flame           Hex/Fire       ######..     1%          3    None
e - Sticky Flame          Conj/Fire      #######.     1%          4    None
f - Fireball              Conj/Fire      #######...   1%          5    None
g - Bolt of Magma         Conj/Fire/Erth #######...   1%          5    None
h - Bolt of Cold          Conj/Ice       #######...   1%          6    None
i - Airstrike             Air            #######...   1%          4    None
j - Iron Shot             Conj/Erth      #######...   1%          6    None
k - Venom Bolt            Conj/Pois      #######...   1%          5    None


Dungeon Overview and Level Annotations

Branches:
Dungeon (15/15)            Temple (1/1) D:4            Lair (6/6) D:8
  Swamp (4/4) Lair:3       Spider (4/4) Lair:4        Slime (0/5) Lair:5
    Orc (2/2) D:12            Elf (0/3) Orc:2        Vaults (0/5) D:14
 Depths (0/5) D:15

Altars:
Ashenzari
Cheibriados
Dithmenos
Elyvilon
Fedhas
Gozag
Hepliaklqana
Kikubaaqudgha
Makhleb
Nemelex Xobeh
Okawaru
Qazlal
Ru
Sif Muna
Trog
Uskayaw
Vehumet
Wu Jian
Xom
Yredelemnul
Zin
The Shining One
Beogh

Shops:
D:9 *   D:13 [%*   Orc:2 *%%*

Annotations:
Swamp:4 Lernaean hydra


Innate Abilities, Weirdness & Mutations

You are mostly covered in iridescent scales. (AC +4)
You can translocate small distances at will.
Your flesh is very cold resistant. (rC++)
You are somewhat resistant to further mutation.
Potions are less effective at restoring your health.
Your movements are slightly less encumbered by armour. (ER -2)


Message History

The swamp dragon is engulfed in blazing flames.
Unknown command.
You feel yourself speed up.
* * * LOW HITPOINT WARNING * * *
You feel very sick.
Unknown command.
* * * LOW HITPOINT WARNING * * *
You feel sick.
Unknown command.
You are confused.
Your system partially rejects the healing.
You feel invigorated.
* * * LOW HITPOINT WARNING * * *
You feel sick.
The swamp dragon breathes poison at you.
The blast of poison engulfs you!
You are more poisoned.
You are engulfed in poison gas.
You are more poisoned.
You die...

♣.≈...≈♣♣≈≈.§♣♣....≈§♣♣♣♣♣
♣≈..≈♣♣♣♣.≈.♣≈..<≈♣≈..♣..♣♣♣
♣♣≈......≈≈≈≈..≈.....≈:.≈.≈♣♣
♣♣♣.≈≈.......[≈≈≈≈≈..≈≈......♣
♣♣≈♣≈≈.........≈.≈≈≈≈#≈♣♣....♣♣
♣..§.≈..#≈≈|§.§≈♣≈≈≈≈≈.♣♣...≈.♣
♣≈)≈.≈≈.....§§§♣♣≈≈≈≈≈≈≈♣≈≈≈.♣♣
♣♣≈≈.≈≈.♣.♣♣♣§§§♣♣♣...#≈≈≈#≈≈≈♣
♣≈.≈.≈#♣♣≈≈♣♣§§@§♣♣♣#≈≈♣≈≈≈≈≈♣♣
♣♣.≈..≈♣♣♣♣♣♣§§§§#.♣≈≈≈≈♣♣≈≈≈≈♣
....≈≈≈≈♣≈♣♣.#§≈D#≈.♣♣ ♣§≈≈≈♣
≈...≈≈≈.≈♣ ♣≈#§.###≈♣ ♣♣#♣♣♣
≈≈≈≈...≈♣♣ . ##§##### ≈≈≈≈≈♣♣♣♣
♣≈##≈k.# .≈≈.♣♣ ♣ #.≈.## ≈≈≈≈♣
#≈..# ≈≈≈.♣ #≈≈†≈≈≈≈≈≈#


You could see a swamp dragon and a swamp drake.

Vanquished Creatures
  Jorgrun (Swamp:4)
  Agnes (D:15)
  2 thorn hunters
  The ghost of Dominolapin the Hand of Shadow, an adept OpVM of Dithmenos (D:14)
  An orc warlord (Orc:2)
  3 ghost moths
  6 emperor scorpions (Spider:4)
  Nessos (Orc:2)
  2 entropy weavers (Spider:2)
  The ghost of Gruud the Summoner, a journeyman OgWz of Sif Muna (Lair:4)
  A spark wasp (Spider:4)
  A dire elephant (D:15)
  An ettin (Orc:2)
  Snorg (Lair:6)
  The ghost of KristoblXynda the Cleaver, a journeyman HOFi of Beogh (Orc:2)
  The ghost of Gruesome the Severer, a journeyman FoFi of Cheibriados (D:12)
  An ice dragon (D:10)
  15 hydras
  5 catoblepae
  A vault guard (D:14)
  Harold (D:11)
  10 death yaks
  5 centaur warriors
  2 ghost crabs (Swamp:4)
  12 two-headed ogres
  7 alligators
  4 orc high priests (Orc:2)
  Sonja (D:14)
  A fire crab (Lair:6)
  The ghost of epen the Transmogrifier, a novice DrTm (Bailey)
  3 skeletal warriors (D:15)
  A spriggan druid (Swamp:4)
  2 unseen horrors
  8 swamp dragons
  2 shambling mangroves
  13 orb spiders
  A salamander (D:15)
  4 oklob plants
  31 wolf spiders
  5 manticores
  2 deep elf magi
  4 orc knights (Orc:2)
  3 orc sorcerers (Orc:2)
  4 cyclopes
  10 ugly things
  12 elephants
  7 black mambas
  3 centaur zombies
  The ghost of Tungsten the Ogre Mage, a novice OgWz of Makhleb (D:5)
  Joseph (D:7)
  Psyche (D:10)
  3 torpor snails
  A gargoyle (D:14)
  An eye of devastation (Lair:5)
  17 spiny frogs
  4 rime drakes
  9 demonic crawlers
  2 freezing wraiths
  2 kobold demonologists (D:13)
  An efreet (D:13)
  6 komodo dragons
  7 trolls
  A queen bee (shapeshifter) (D:14)
  A tengu conjurer (D:15)
  6 meliai
  A polar bear (D:10)
  3 tyrant leeches
  15 hornets
  Grinder (D:5)
  18 jumping spiders
  6 bog bodies
  21 blink frogs
  20 slime creatures
  2 dream sheep (Lair:4)
  12 hippogriffs
  A shadow (Swamp:2)
  8 spriggans
  4 vampires
  Sigmund (D:4)
  83 redbacks
  39 yaks
  4 wyverns
  28 tarantellas
  5 basilisks
  A steam dragon (Lair:5)
  Eustachio (D:6)
  17 vampire mosquitoes
  5 hungry ghosts
  A warg (Orc:2)
  Menkaure (D:5)
  21 insubstantial wisps
  20 swamp worms
  2 soldier ants
  6 porcupines
  2 black bears
  4 eyes of draining
  32 orc warriors
  10 water moccasins
  4 sky beasts
  6 ice beasts
  A hornet zombie (D:5)
  11 swamp drakes
  21 wolves
  20 ogres
  11 centaurs
  8 crocodiles
  Blork the orc (D:6)
  15 bullfrogs
  3 big kobolds
  8 gnoll sergeants (Bailey)
  A wyvern zombie (D:14)
  3 scorpions
  2 wyvern skeletons
  10 killer bees
  2 howler monkeys
  5 electric eels
  2 crimson imps
  6 jellies
  14 hounds
  34 orc priests
  15 orc wizards
  3 bullfrog skeletons
  3 centaur skeletons
  6 gnoll shamans (Bailey)
  Ijyb (D:3)
  2 iguanas
  3 hell rats (Lair:3)
  13 worker ants
  15 gnolls
  12 adders
  A howler monkey skeleton (D:10)
  13 river rats
  3 shadow imps
  A white imp (D:5)
  An ooze (D:2)
  An adder skeleton (D:4)
  2 adder zombies
  3 worms
  A dart slug (D:1)
  4 leopard geckos
  138 orcs
  9 giant cockroaches
  6 goblins
  8 hobgoblins
  12 jackals
  15 kobolds
  10 quokkas
  2 ball pythons (D:3)
  9 bats
  8 frilled lizards
  2 jackal skeletons
  2 quokka skeletons (D:5)
  A quokka zombie (D:8)
  30 rats
  8 briar patches (Swamp:3)
  A butterfly (Lair:3)
  A fire vortex (D:14)
  A fungus (D:5)
  5 plants
1224 creatures vanquished.

Vanquished Creatures (others)
  A water moccasin (Lair:2)
  12 fungi
  8 plants
21 creatures vanquished.

Grand Total: 1245 creatures vanquished

Notes
Turn   | Place    | Note
-------+----------+-------------------------------------------
     0 | D:1      | Kidiri the Deep Elf Fire Elementalist began the quest for the Orb.
     0 | D:1      | Reached XP level 1. HP: 10/10 MP: 6/6
   151 | D:1      | Reached XP level 2. HP: 15/15 MP: 5/8
   155 | D:1      | Learned a level 2 spell: Throw Flame
   414 | D:1      | Reached skill level 4 in Spellcasting
   634 | D:2      | Reached XP level 3. HP: 19/19 MP: 8/10
   639 | D:2      | Learned a level 3 spell: Conjure Flame
   643 | D:2      | Learned a level 3 spell: Inner Flame
  1305 | D:2      | Reached XP level 4. HP: 24/24 MP: 10/12
  1555 | D:2      | Reached skill level 5 in Spellcasting
  1561 | D:2      | Learned a level 4 spell: Sticky Flame
  2435 | D:3      | Reached XP level 5. HP: 23/28 MP: 2/15
  2563 | D:3      | Noticed Ijyb
  2573 | D:3      | Killed Ijyb
  3016 | D:4      | Reached skill level 6 in Spellcasting
  3307 | D:4      | Reached XP level 6. HP: 32/32 MP: 8/17
  3347 | D:4      | Found a staircase to the Ecumenical Temple.
  3361 | Temple   | Entered the Ecumenical Temple
  3555 | Temple   | Became a worshipper of Vehumet
  3609 | D:4      | Learned a level 5 spell: Fireball
  3736 | D:4      | Noticed Sigmund
  3757 | D:4      | Killed Sigmund
  4162 | D:4      | Reached skill level 7 in Spellcasting
  4412 | D:5      | Entered Level 5 of the Dungeon
  4431 | D:5      | Reached skill level 1 in Short Blades
  4434 | D:5      | Reached XP level 7. HP: 29/37 MP: 8/19
  4558 | D:5      | Reached skill level 1 in Armour
  4558 | D:5      | Reached skill level 1 in Shields
  4558 | D:5      | Reached skill level 5 in Fire Magic
  4563 | D:5      | Noticed Tungsten's ghost (novice OgWz)
  4588 | D:5      | Killed Tungsten's ghost
  4588 | D:5      | Reached skill level 1 in Fighting
  4707 | D:5      | Noticed Grinder
  4732 | D:5      | Killed Grinder
  4732 | D:5      | Reached skill level 8 in Spellcasting
  4732 | D:5      | Reached XP level 8. HP: 19/44 MP: 0/22
  4926 | D:5      | Noticed Menkaure
  4929 | D:5      | Killed Menkaure
  5397 | D:5      | Reached * piety under Vehumet
  5397 | D:5      | Offered knowledge of Magic Dart by Vehumet.
  5960 | D:6      | Noticed Blork the orc
  5968 | D:6      | Killed Blork the orc
  6192 | D:6      | Reached skill level 9 in Spellcasting
  6199 | D:6      | Gained mutation: You are partially covered in iridescent scales. (AC +2) [mutagenic meat]
  6200 | D:6      | Gained mutation: Your movements are slightly less encumbered by armour. (ER -2) [mutagenic meat]
  6201 | D:6      | Gained mutation: Scrolls take you a little longer to read. [mutagenic meat]
  6289 | D:6      | Noticed Eustachio
  6303 | D:6      | Killed Eustachio
  6303 | D:6      | Reached XP level 9. HP: 38/49 MP: 17/24
  6625 | D:6      | Reached ** piety under Vehumet
  6626 | D:6      | Offered knowledge of Freeze by Vehumet.
  6969 | D:6      | Learned a level 1 spell: Freeze
  7190 | D:7      | Gained mutation: Your flesh is cold resistant. (rC+) [mutagenic meat]
  7191 | D:7      | Gained mutation: You have large cloven feet. [mutagenic meat]
  7192 | D:7      | Gained mutation: You are mostly covered in iridescent scales. (AC +4) [mutagenic meat]
  7193 | D:7      | Gained mutation: You expend magic power (3 MP) to strengthen your wands. [mutagenic meat]
  7194 | D:7      | Gained mutation: You can translocate small distances at will. [mutagenic meat]
  7244 | D:7      | Offered knowledge of Searing Ray by Vehumet.
  7244 | D:7      | Reached skill level 5 in Conjurations
  7277 | D:7      | Found a basalt altar of Yredelemnul.
  7292 | D:7      | Reached skill level 1 in Ice Magic
  7322 | D:7      | Reached skill level 5 in Dodging
  7332 | D:7      | Found a flagged portal.
  7398 | D:7      | Got a warped helmet
  7409 | D:7      | Identified the cursed +0 helmet of Beyond {+Blink rF++ Int+5} (You found it on level 7 of the Dungeon)
  7461 | Bailey   | Entered a bailey
  7474 | Bailey   | Noticed epen's ghost (novice DrTm)
  7509 | Bailey   | Killed epen's ghost
  7509 | Bailey   | Reached skill level 10 in Spellcasting
  7683 | Bailey   | Reached *** piety under Vehumet
  7905 | Bailey   | Reached XP level 10. HP: 48/56 MP: 1/26
  8318 | Bailey   | Offered knowledge of Throw Icicle by Vehumet.
  8324 | Bailey   | Learned a level 4 spell: Throw Icicle
  8541 | Bailey   | Identified Sif Muna's Disquisition on Lucky Clay
  8554 | Bailey   | Learned a level 3 spell: Stone Arrow
  8749 | D:7      | Found a sparkling altar of Nemelex Xobeh.
  8763 | D:7      | Noticed Joseph
  8774 | D:7      | Killed Joseph
  9170 | D:8      | You fall through a shaft!
  9214 | D:8      | Found a staircase to the Lair.
  9513 | D:8      | Noticed a two-headed ogre
  9517 | D:8      | Reached **** piety under Vehumet
  9528 | D:8      | Killed a two-headed ogre
  9528 | D:8      | Reached skill level 1 in Earth Magic
  9700 | D:8      | Reached skill level 11 in Spellcasting
 10001 | D:8      | Offered knowledge of Airstrike by Vehumet.
 10087 | D:8      | Learned a level 4 spell: Airstrike
 10377 | D:8      | Found a stormy altar of Qazlal.
 10995 | D:9      | Reached skill level 1 in Air Magic
 11021 | D:9      | Reached XP level 11. HP: 47/61 MP: 23/28
 11146 | D:9      | Noticed a two-headed ogre
 11161 | D:9      | Killed a two-headed ogre
 11161 | D:9      | Reached skill level 5 in Short Blades
 11284 | D:9      | Found Maisa's Assorted Antiques.
 11302 | D:9      | Bought a pair of glowing boots for 210 gold pieces
 11302 | D:9      | Bought a glowing leather armour for 140 gold pieces
 11302 | D:9      | Bought a scroll of identify for 56 gold pieces
 11302 | D:9      | Bought a large steel ring for 140 gold pieces
 11302 | D:9      | Bought a runed helmet for 210 gold pieces
 11410 | D:9      | Reached ***** piety under Vehumet
 11410 | D:9      | Offered knowledge of Bolt of Magma by Vehumet.
 11520 | Lair:1   | Entered Level 1 of the Lair of Beasts
 12206 | Lair:2   | Noticed a catoblepas
 12229 | Lair:2   | Killed a catoblepas
 12241 | Lair:2   | Noticed an eight-headed hydra
 12966 | Lair:2   | Killed an eight-headed hydra
 13216 | Lair:3   | Found a shimmering altar of Xom.
 13216 | Lair:3   | Noticed an oklob plant
 13216 | Lair:3   | Noticed an oklob plant
 13339 | Lair:3   | Found a staircase to the Swamp.
 13369 | Lair:3   | Reached skill level 12 in Spellcasting
 13493 | Lair:3   | Reached skill level 5 in Ice Magic
 13714 | Lair:3   | Reached XP level 12. HP: 67/67 MP: 30/30
 13729 | Lair:3   | Learned a level 5 spell: Bolt of Magma
 14283 | Lair:3   | Reached skill level 5 in Shields
 14777 | Lair:3   | Noticed an alligator
 14792 | Lair:3   | Killed an alligator
 15211 | Lair:4   | Noticed Gruud's ghost (journeyman OgWz)
 15220 | Lair:4   | Found a hole to the Spider Nest.
 15222 | Lair:4   | Killed Gruud's ghost
 15222 | Lair:4   | Reached skill level 5 in Fighting
 15222 | Lair:4   | Reached skill level 5 in Armour
 16353 | Lair:5   | Identified a scroll of acquirement
 16472 | Lair:5   | Noticed a death yak
 16479 | Lair:5   | Killed a death yak
 17026 | Lair:5   | Found a staircase to the Slime Pits.
 18188 | Lair:5   | Reached skill level 13 in Spellcasting
 18205 | Lair:5   | Reached XP level 13. HP: 73/73 MP: 22/32
 18275 | Lair:6   | Entered Level 6 of the Lair of Beasts
 18345 | Lair:6   | Got a polished hand axe
 18346 | Lair:6   | Identified the +2 hand axe of Akhos {holy, rC+} (You found it on level 6 of the Lair of Beasts)
 18855 | Lair:6   | Reached skill level 5 in Earth Magic
 19066 | Lair:5   | Reached skill level 5 in Air Magic
 19226 | Lair:6   | Noticed Snorg
 19241 | Lair:6   | Killed Snorg
 19839 | Lair:6   | Offered knowledge of Conjure Ball Lightning by Vehumet.
 20164 | Lair:6   | Reached skill level 14 in Spellcasting
 20172 | Lair:6   | Learned a level 5 spell: Venom Bolt
 20245 | Lair:5   | Reached skill level 1 in Poison Magic
 20449 | Lair:6   | Reached XP level 14. HP: 80/80 MP: 11/34
 20827 | Lair:6   | HP: 4/80 [something/blast of calcifying dust (9)]
 21250 | Lair:6   | Identified Quitofos's Almanac of Unstable Evil Rituals
 21502 | D:10     | Entered Level 10 of the Dungeon
 21669 | D:10     | Noticed Psyche
 21676 | D:10     | Killed Psyche
 21766 | D:10     | Got the battleaxe of Rysmim {freeze}
 21796 | D:10     | Got a smoking diamond amulet
 21803 | D:10     | Identified the amulet "Lyelovadgh" {+Rage Str+3 Dex+3 SInv} (You found it on level 10 of the Dungeon)
 21809 | D:10     | Identified the +6 battleaxe of Rysmim {freeze, rElec rPois} (You found it on level 10 of the Dungeon)
 22438 | D:11     | Noticed Harold
 22446 | D:11     | Killed Harold
 23157 | D:12     | Offered knowledge of Lightning Bolt by Vehumet.
 23229 | D:12     | Found a staircase to the Orcish Mines.
 23529 | D:12     | Noticed Gruesome's ghost (journeyman FoFi)
 23539 | D:12     | Killed Gruesome's ghost
 24039 | Orc:1    | Entered Level 1 of the Orcish Mines
 24239 | Orc:1    | Offered knowledge of Ozocubu's Refrigeration by Vehumet.
 24442 | Orc:2    | Entered Level 2 of the Orcish Mines
 24812 | Orc:2    | Noticed KristoblXynda's ghost (journeyman HOFi)
 24826 | Orc:2    | Killed KristoblXynda's ghost
 24826 | Orc:2    | Reached skill level 1 in Evocations
 25226 | Orc:2    | Found a staircase to the Elven Halls.
 25347 | Orc:2    | Found Hicsoq's General Store.
 25350 | Orc:2    | Reached skill level 15 in Spellcasting
 25501 | Orc:2    | Bought a potion of curing for 45 gold pieces
 25501 | Orc:2    | Bought a scroll of identify for 30 gold pieces
 25501 | Orc:2    | Bought a scroll of fog for 30 gold pieces
 25804 | Orc:2    | Offered knowledge of Freezing Cloud by Vehumet.
 26077 | Orc:2    | Found a roughly hewn altar of Beogh.
 26135 | Orc:2    | Reached XP level 15. HP: 85/85 MP: 27/36
 26168 | Orc:2    | Found Ysicsant's Food Shoppe.
 26262 | Orc:2    | Found a roughly hewn altar of Beogh.
 26262 | Orc:2    | Noticed an orc warlord
 26266 | Orc:2    | Noticed Nessos
 26268 | Orc:2    | Killed an orc warlord
 26270 | Orc:2    | Killed Nessos
 26693 | Orc:2    | Found Cuaxe's Food Shop.
 26747 | Orc:2    | Found Hudexzaedgh's General Store.
 26932 | Orc:2    | Bought a wand of disintegration (8/24) for 180 gold pieces
 26932 | Orc:2    | Bought a scroll of teleportation for 45 gold pieces
 26932 | Orc:2    | Bought a potion of magic for 120 gold pieces
 26932 | Orc:2    | Bought a scroll of blinking for 112 gold pieces
 27388 | D:13     | Reached skill level 10 in Fire Magic
 27549 | D:13     | Offered knowledge of Bolt of Cold by Vehumet.
 27818 | D:13     | Found Moukaxurch's Antique Armour Shop.
 27821 | D:13     | Bought a glowing scarf for 192 gold pieces
 27821 | D:13     | Bought a fine scale mail for 216 gold pieces
 27831 | D:13     | Identified the +1 scale mail of Hicigic {Regen+ Str+2 Int+4 Dex+2} (You bought it in a shop on level 13 of the Dungeon)
 28058 | D:13     | Found Sehiviq's Assorted Antiques.
 28154 | D:13     | Found Weopysm's Food Shoppe.
 28195 | D:13     | Paralysed by a hornet for 3 turns
 28459 | D:14     | Upgraded the game from 0.21-a0-215-g0631661 to 0.21-a0-216-g6d3fd91
 28520 | D:14     | Learned a level 6 spell: Bolt of Cold
 28529 | D:14     | Learned a level 6 spell: Iron Shot
 28552 | D:14     | Noticed Sonja
 28553 | D:14     | Killed Sonja
 28783 | D:14     | Noticed Dominolapin's ghost (adept OpVM)
 28796 | D:14     | Killed Dominolapin's ghost
 29515 | D:14     | Gained mutation: You are frail. (-10% HP) [mutagenic meat]
 29554 | D:14     | Found a gate to the Vaults.
 29769 | D:14     | Reached skill level 10 in Dodging
 30068 | D:15     | Entered Level 15 of the Dungeon
 30491 | D:15     | Noticed Agnes
 30499 | D:15     | Killed Agnes
 30499 | D:15     | Reached skill level 10 in Conjurations
 30500 | D:15     | Offered knowledge of Bolt of Fire by Vehumet.
 30668 | D:15     | Found a basalt altar of Yredelemnul.
 30965 | D:15     | Reached skill level 5 in Poison Magic
 31219 | D:15     | Found a staircase to the Depths.
 31462 | D:13     | Reached XP level 16. HP: 40/82 MP: 28/37
 31725 | Swamp:1  | Entered Level 1 of the Swamp
 32688 | Swamp:1  | Reached skill level 16 in Spellcasting
 33677 | Swamp:2  | Reached skill level 10 in Ice Magic
 33693 | Swamp:2  | Found a glowing golden altar of the Shining One.
 33983 | Swamp:2  | Reached ****** piety under Vehumet
 33983 | Swamp:2  | Reached skill level 5 in Evocations
 35006 | Swamp:3  | Noticed a thorn hunter
 35511 | Swamp:4  | Entered Level 4 of the Swamp
 36018 | Swamp:4  | Noticed Jorgrun
 36022 | Swamp:4  | Killed Jorgrun
 36446 | Swamp:4  | Noticed the 27-headed Lernaean hydra
 36563 | Swamp:3  | Killed a thorn hunter
 36823 | Spider:1 | Entered Level 1 of the Spider Nest
 37153 | Spider:1 | Offered knowledge of Lehudib's Crystal Spear by Vehumet.
 37153 | Spider:1 | Offered knowledge of Fire Storm by Vehumet.
 37153 | Spider:1 | Offered knowledge of Glaciate by Vehumet.
 37307 | Spider:1 | Reached XP level 17. HP: 87/87 MP: 39/39
 37729 | Spider:1 | Lost mutation: Scrolls take you a little longer to read. [potion of mutation]
 37729 | Spider:1 | Lost mutation: You expend magic power (3 MP) to strengthen your wands. [potion of mutation]
 37729 | Spider:1 | Lost mutation: You are frail. (-10% HP) [potion of mutation]
 37729 | Spider:1 | Lost mutation: You have large cloven feet. [potion of mutation]
 37729 | Spider:1 | Gained mutation: Potions are less effective at restoring your health. [potion of mutation]
 37729 | Spider:1 | Gained mutation: Your flesh is very cold resistant. (rC++) [potion of mutation]
 38525 | Spider:2 | Reached skill level 17 in Spellcasting
 39246 | Spider:3 | Got a crude scale mail
 39247 | Spider:3 | Identified the +5 scale mail of Hedging {Str+3 Slay+3} (You found it on level 3 of the Spider Nest)
 40241 | Spider:4 | Entered Level 4 of the Spider Nest
 40999 | Spider:3 | Gained mutation: You are somewhat resistant to further mutation. [mutagenic meat]
 42255 | Spider:4 | Got a gossamer rune of Zot
 42706 | Swamp:4  | Reached XP level 18. HP: 19/103 MP: 23/41
 42975 | Swamp:4  | HP: 4/104 [poisoned by a swamp dragon (poison gas)]
 42978 | Swamp:4  | Engulfed by a swamp dragon's poison gas

Vault maps used:
D:1:      minmay_arrival_plants_in_alcoves, feat_on_display
D:2:      grunt_ministairs_4, minmay_split_cup_small
D:3:      uniq_ijyb
D:4:      minmay_temple_entry_overgrown, uniq_sigmund
D:5:      first_bread, minmay_gold_behind_fungi,
          hangedman_decor_clover_reticule, lemuel_old_faithful, uniq_grinder,
          uniq_menkaure
D:6:      lemuel_ratsnest, uniq_blork_the_orc, uniq_eustachio
D:7:      kennysheep_little_box, enter_bailey_3, basic_altar,
          minmay_misc_feat_alley, the_bakery, uniq_joseph
D:8:      dpeg_oklobed_lair, nicolae_qazlal_style_of_elements
D:9:      serial_shops, shop
D:10:     minmay_coctagon, serial_bayou_pond_c, uniq_psyche
D:11:     hex_tiny, uniq_harold
D:12:     hiddenorc2_lemuel
D:13:     serial_shops, shop, nicolae_shop_behind_doors,
          nicolae_shop_window_shopping
D:14:     david_vaults_5, nicolae_lava_and_water, uniq_sonja
D:15:     hangedman_depths_entry_try_elsewhere_first, yredelemnul_altar_generic,
          uniq_agnes
Temple:   minmay_crystal_snake_temple
Lair:1:   lemuel_fruit_fields
Lair:2:   grunt_megastairs_3, lemuel_fruit_tree, infiniplex_staircase_pool
Lair:3:   swamp_mist_pool, basic_altar, st_stairs_12,
          kennysheep_abandoned_house, lemuel_fruit_fields, serial_bayou_shore_b,
          minmay_lair_oklob_chamber, lemuel_fruit_fields
Lair:4:   spider_nest_entry_rubble
Lair:5:   minmay_slime_entry_eyes, guppyfry_lair_drakes
Lair:6:   evilmike_catoblepas_cave, serial_bayou_shore_a, lemuel_fruit_fields,
          uniq_snorg
Swamp:1:  evilmike_swamp_ruin_house_5, swamp_pool2
Swamp:2:  basic_altar
Swamp:3:  evilmike_swamp_ruin_house_3
Swamp:4:  swamp_old_school, uniq_jorgrun
Spider:2: nicolae_spider_webbed_stairs
Spider:4: grunt_spider_rune_circles
Orc:2:    pubby_orc_utopia, uniq_nessos
Bailey:   bailey_polearm_gnolls_kennysheep, bailey

Skill      XL: |  1  2  3  4  5  6  7  8  9 10 11 12 13 14 15 16 17 |
---------------+----------------------------------------------------+-----
Spellcasting   | 4 5 6 7 8 9 10 11 12 13 14 15 16 17 | 17.5
Conjurations   | 2 3 4 5 6 7 8 9 10 11 | 11.6
Fire Magic     | 4 5 6 7 8 9 10 11 | 11.5
Short Blades   | 1 2 3 4 5 6 7 8 |  8.3
Armour         | 1 2 3 4 5 6 7 8 |  8.6
Shields        | 1 2 3 4 5 6 7 8 |  8.5
Fighting       | 1 2 3 4 5 6 7 8 |  8.3
Dodging        | 3 4 5 6 7 8 9 10 | 10.0
Ice Magic      | 2 3 5 6 7 8 9 11 12 | 12.5
Earth Magic    | 2 3 4 5 6 7 8 9 |  9.2
Air Magic      | 1 3 4 5 6 7 8 |  8.7
Poison Magic   | 1 3 5 6 7 |  7.4
Evocations     | 1 4 5 6 |  6.9
Stealth        | |  2.4

Action                   |  1- 3 |  4- 6 |  7- 9 | 10-12 | 13-15 | 16-18 || total
-------------------------+-------+-------+-------+-------+-------+-------++-------
Melee: Dagger            |    14 |       |       |   161 |   356 |   110 ||   641
       Short sword       |    10 |   138 |    45 |       |       |       ||   193
       Rapier            |       |       |   137 |    22 |       |       ||   159
       Kick              |       |       |     4 |     5 |       |       ||     9
       Battleaxe         |       |       |       |       |    74 |       ||    74
Throw: Throwing net      |       |       |     1 |     4 |     3 |     3 ||    11
 Cast: Flame Tongue      |    42 |    39 |   147 |   149 |    97 |    39 ||   513
       Sticky Flame      |       |     7 |    18 |   102 |   131 |    73 ||   331
       Throw Flame       |       |     3 |    34 |    20 |     7 |    23 ||    87
       Conjure Flame     |       |       |     5 |     7 |    11 |     1 ||    24
       Inner Flame       |       |       |     5 |     4 |     4 |       ||    13
       Fireball          |       |       |     9 |    33 |    60 |    33 ||   135
       Airstrike         |       |       |       |     5 |     5 |    33 ||    43
       Throw Icicle      |       |       |       |    15 |    14 |       ||    29
       Freeze            |       |       |       |     1 |       |       ||     1
       Stone Arrow       |       |       |       |     4 |       |       ||     4
       Bolt of Magma     |       |       |       |    25 |   203 |   144 ||   372
       Venom Bolt        |       |       |       |       |    32 |   118 ||   150
       Iron Shot         |       |       |       |       |    59 |   122 ||   181
       Bolt of Cold      |       |       |       |       |     1 |    16 ||    17
 Abil: Blink             |       |       |       |       |     1 |    15 ||    16
       Evoke Blink       |       |       |       |       |       |     1 ||     1
Evoke: Wand              |       |       |     3 |     3 |     1 |       ||     7
  Use: Scroll            |     7 |     5 |     3 |    18 |    11 |    14 ||    58
       Potion            |       |     3 |     4 |     4 |     3 |    15 ||    29
 Stab: Sleeping          |     7 |     5 |     1 |     5 |     6 |       ||    24
       Held in net/web   |       |       |       |     6 |     5 |       ||    11
       Petrified         |       |       |       |     1 |       |       ||     1
  Eat: Chunk             |     1 |     7 |    13 |    14 |    38 |     9 ||    82
       Meat ration       |       |     1 |       |       |       |       ||     1
       Royal jelly       |       |       |     3 |     1 |       |     7 ||    11
       Fruit             |       |       |       |    25 |       |    23 ||    48
Armor: Robe              |     6 |    41 |    53 |    64 |   112 |       ||   276
       Skin              |       |       |    40 |    11 |       |       ||    51
       Scale mail        |       |       |       |       |    56 |   246 ||   302
Dodge: Dodged            |    31 |   111 |   122 |   169 |   454 |   279 ||  1166
Block: Shield            |       |       |       |    79 |       |       ||    79
       Buckler           |       |       |       |    23 |   272 |   206 ||   501
       Reflection        |       |       |       |     2 |     2 |       ||     4

Table legend:
 A = Spawn XP
 B = Non-spawn XP
 C = Spawn XP percentage of total XP
 D = Spawn monster count
 E = Non-spawn monster count
 F = Spawn count percentage of total count
 G = Total turns spent on level
                    A         B        C        D         E        F      G
               +---------+---------+-------+---------+---------+-------+---------
         Total |   46812 |  248636 |  15.8 |     165 |    1044 |  13.6 | 42978
               +---------+---------+-------+---------+---------+-------+---------
           D:1 |       0 |      39 |   0.0 |       0 |      23 |   0.0 |   642
           D:2 |      19 |      77 |  19.8 |       7 |      16 |  30.4 |  1237
           D:3 |       6 |     113 |   5.0 |       3 |      21 |  12.5 |  1169
           D:4 |       5 |     435 |   1.1 |       1 |      14 |   6.7 |  1125
           D:5 |     151 |    1531 |   9.0 |       2 |      31 |   6.1 |  1548
           D:6 |     304 |     835 |  26.7 |       6 |      47 |  11.3 |  1216
           D:7 |      44 |    1454 |   2.9 |       3 |      20 |  13.0 |   760
           D:8 |     175 |    2233 |   7.3 |       2 |      23 |   8.0 |  1532
           D:9 |      61 |    2769 |   2.2 |       6 |      29 |  17.1 |  1193
          D:10 |      90 |    4135 |   2.1 |       1 |      14 |   6.7 |   865
          D:11 |      13 |    3206 |   0.4 |       1 |      24 |   4.0 |   921
          D:12 |      67 |    5898 |   1.1 |       1 |      62 |   1.6 |  1082
          D:13 |    2332 |    4613 |  33.6 |       7 |      23 |  23.3 |  1458
          D:14 |    4228 |   10160 |  29.4 |      11 |      30 |  26.8 |  1597
          D:15 |    1448 |   17922 |   7.5 |       6 |      29 |  17.1 |  1144
        Lair:1 |     574 |    2573 |  18.2 |       2 |       8 |  20.0 |  1270
        Lair:2 |     107 |    4064 |   2.6 |       1 |      16 |   5.9 |   722
        Lair:3 |    2716 |    4299 |  38.7 |       8 |      30 |  21.1 |  2026
        Lair:4 |    2117 |    6530 |  24.5 |       9 |      18 |  33.3 |  1563
        Lair:5 |     868 |    9182 |   8.6 |       3 |      26 |  10.3 |  2786
        Lair:6 |    3860 |   29239 |  11.7 |      18 |      77 |  18.9 |  2189
       Swamp:1 |     897 |    8681 |   9.4 |       2 |      31 |   6.1 |  1401
       Swamp:2 |    7806 |    8669 |  47.4 |      20 |      31 |  39.2 |  1351
       Swamp:3 |    3269 |    7009 |  31.8 |       4 |      16 |  20.0 |  1314
       Swamp:4 |    7504 |   19569 |  27.7 |      14 |      34 |  29.2 |  1281
      Spider:1 |    1479 |   10578 |  12.3 |       3 |      30 |   9.1 |   955
      Spider:2 |    3194 |   18722 |  14.6 |      13 |      61 |  17.6 |  1667
      Spider:3 |    2491 |   10109 |  19.8 |       6 |      29 |  17.1 |  1087
      Spider:4 |     289 |   27534 |   1.0 |       1 |      47 |   2.1 |  1649
         Orc:1 |     125 |    1802 |   6.5 |       1 |      13 |   7.1 |   463
         Orc:2 |     573 |   22662 |   2.5 |       3 |     140 |   2.1 |  2343
        Bailey |       0 |    1994 |   0.0 |       0 |      31 |   0.0 |  1181
               +---------+---------+-------+---------+---------+-------+---------
